 Dungeon Crawl Stone Soup version 0.26-a0-651-gb41185065b (webtiles) character file.

Game seed: 17585067512282375643

72216 Ozzies the Warrior (level 15, -3/104 HPs)
             Began as a Gargoyle Fighter on Oct 3, 2020.
             Was a High Priest of Okawaru.
             Killed by divine providence
             ... invoked by Saint Roka
              (16 damage)
             ... on level 1 of the Orcish Mines.
             The game lasted 01:03:52 (24331 turns).

Ozzies the Warrior (Gargoyle Fighter)              Turns: 24331, Time: 01:03:52

Health: -3/104     AC: 48    Str: 24    XL:     15   Next: 39%
Magic:  21/21      EV:  9    Int: 15    God:    Okawaru [*****.]
Gold:   2077       SH: 15    Dex:  9    Spells: 14/14 levels left

rFire    + . .     SeeInvis .   Y - +8 broad axe of Experimentation {venom, rElec Int+4}
rCold    + . .     Faith    .   Q - +1 kite shield {rC+}
rNeg     + . .     Spirit   .   Z - +1 crystal plate armour
rPois    ∞         Reflect  .   J - +1 helmet "Gamnut" {rPois rC+}
rElec    +         Harm     .   F - +1 cloak
rCorr    .         Rampage  .   f - +2 pair of gloves {archery}
MR       ++...                  D - +0 pair of boots
Stlth    ..........             N - amulet of regeneration
HPRegen  0.67/turn              A - ring of fire
MPRegen  0.17/turn              H - ring of protection from magic

@: heroism
A: big wings, negative energy resistance 1, electricity resistance, unbreathing,
petrification resistance, rot immunity, AC +11
a: Fly, Heroism, Finesse, Renounce Religion


You were on level 1 of the Orcish Mines.
You worshipped Okawaru.
Okawaru was extremely pleased with you.
You visited 4 branches of the dungeon, and saw 21 of its levels.
You visited the Abyss 1 time.
You also visited: Ice Cave.

You collected 2077 gold pieces.

Inventory:

Hand Weapons
 b - a +1 sacred scourge of holy wrath
 i - a +2 eveningstar of venom
 Y - the +8 broad axe of Experimentation (weapon) {venom, rElec Int+4}
   (You found it on level 2 of the Lair of Beasts)

   It poisons the flesh of those it strikes.
   It affects your intelligence (+4).
   It insulates you from electricity.
Missiles
 j - 65 poisoned darts (quivered)
Armour
 f - a +2 pair of gloves of archery (worn)
 D - a +0 pair of boots (worn)
 F - a +1 cloak (worn)
 J - the +1 helmet "Gamnut" (worn) {rPois rC+}
   (Okawaru gifted it to you on level 10 of the Dungeon)

   It protects you from cold.
   It protects you from poison.
 Q - a +1 kite shield of cold resistance (worn)
 T - a +2 chain mail of magic resistance
 Z - a +1 crystal plate armour (worn)
Jewellery
 a - an uncursed ring of ice
 o - an uncursed ring of fire
 A - a ring of fire (left hand)
 B - the ring of the Enemy {*Tele rN++ MR+}
   (You found it on level 3 of the Lair of Beasts)

   [ring of teleportation]

   It may teleport you next to monsters.
   It greatly protects you from negative energy.
   It affects your resistance to hostile enchantments.
 H - a ring of protection from magic (right hand)
 L - an uncursed ring of resist corrosion
 M - an uncursed ring of protection from magic
 N - an amulet of regeneration (around neck)
 P - a ring of the Octopus King {rC+ AC+1 EV+1 Str+1 Int+1 Dex+1}
   (You found it on level 4 of the Lair of Beasts)

   [ring of protection from cold]

   It affects your AC (+1).
   It affects your evasion (+1).
   It affects your strength (+1).
   It affects your intelligence (+1).
   It affects your dexterity (+1).
   It protects you from cold.
 S - an uncursed ring of see invisible
Wands
 n - a wand of paralysis (5)
 C - a wand of iceblast (9)
 I - a wand of digging (19)
Scrolls
 e - 7 scrolls of identify
 g - 3 scrolls of teleportation
 h - 2 scrolls of enchant armour
 l - 8 scrolls of remove curse
 s - 2 scrolls of magic mapping
 y - 6 scrolls of fog
 G - 2 scrolls of enchant weapon
 U - 2 scrolls of blinking
 X - a scroll of amnesia
Potions
 d - 4 potions of might
 m - 6 potions of brilliance
 p - 2 potions of haste
 q - 5 potions of mutation
 t - 4 potions of curing
 u - a potion of cancellation
 v - 4 potions of magic
 w - 9 potions of resistance
 R - a potion of invisibility
 W - a potion of ambrosia


   Skills:
 * Level 15.6(20.6) Fighting
 * Level 3.3(13.7) Axes
 - Level 13.2(18.3) Maces & Flails
 * Level 12.0(17.0) Armour
 + Level 5.7(10.7) Dodging
 + Level 11.5(16.5) Shields
 - Level 9.0 Invocations


You had 14 spell levels left.
You didn't know any spells.
Your spell library contained the following spells:

 Spells                   Type           Power        Failure   Level
 Animate Skeleton         Necr           #.....       99%         1
 Magic Dart               Conj           #...         99%         1
 Pain                     Necr           #...         99%         1
 Summon Small Mammal      Summ           #...         99%         1
 Call Imp                 Summ           #.......     100%        2
 Corpse Rot               Necr/Air       N/A          100%        2
 Call Canine Familiar     Summ           #.......     100%        3
 Summon Guardian Golem    Hex/Summ       #.......     100%        3
 Vampiric Draining        Necr           #.........   100%        3
 Animate Dead             Necr           #.........   100%        4
 Cause Fear               Hex            #.........   100%        4
 Dispel Undead            Necr           #.......     100%        4
 Summon Ice Beast         Ice/Summ       #.......     100%        4
 Summon Lightning Spire   Summ/Air       #.......     100%        4
 Agony                    Necr           #.......     100%        5
 Borgnjor's Vile Clutch   Necr/Erth      #.........   100%        5
 Irradiate                Conj/Tmut      #.........   100%        5
 Silence                  Hex/Air        #.........   100%        5
 Yara's Violent Unravell  Hex/Tmut       #.........   100%        5
 Death Channel            Necr           #.........   100%        6
 Iron Shot                Conj/Erth      #.........   100%        6
 Simulacrum               Ice/Necr       #.........   100%        6
 Summon Hydra             Summ           #.........   100%        7
 Discord                  Hex            #.........   100%        8
 Tornado                  Air            #.........   100%        9


Dungeon Overview and Level Annotations

Branches:
Dungeon (12/15)            Temple (1/1) D:5            Lair (6/6) D:9
  Swamp (0/4) Lair:2       Spider (0/4) Lair:3        Slime (0/5) Lair:5
    Orc (2/2) D:9             Elf (0/3) Orc:2         IceCv (visited)

Altars:
Ashenzari
Cheibriados
Dithmenos
Elyvilon
Fedhas
Gozag
Hepliaklqana
Kikubaaqudgha
Makhleb
Nemelex Xobeh
Okawaru
Qazlal
Ru
Sif Muna
Trog
Uskayaw
Vehumet
Wu Jian
Xom
Yredelemnul
Zin
The Shining One
Jiyva

Shops:
D:5 (

Annotations:
Orc:1 Saint Roka


Innate Abilities, Weirdness & Mutations

You are resistant to torment.
Your stone body is resilient. (AC +11)
You are immune to poison.
Your large and strong wings let you fly indefinitely.
You resist negative energy. (rN+)
You are resistant to electric shocks. (rElec)
You can survive without breathing.
You are immune to petrification.
You are immune to rotting.


Message History

You feel better. You block Saint Roka's attack.
You slash Saint Roka!
Saint Roka looks as sick as possible!
Saint Roka is severely wounded.
Saint Roka hits you but does no damage.
You slice Saint Roka!!
Saint Roka looks as sick as possible!
Saint Roka is almost dead.
Saint Roka hits you but does no damage.
You barely miss Saint Roka.
Saint Roka is almost dead.
Saint Roka hits you with a +1 dire flail!
* * * LOW HITPOINT WARNING * * *
You feel better.
You hit Saint Roka but do no damage.
Saint Roka looks as sick as possible!
Saint Roka is almost dead.
You block Saint Roka's attack.
You hit Saint Roka but do no damage.
Saint Roka looks as sick as possible!
Saint Roka is almost dead.
Saint Roka invokes the aid of Beogh against you.
Beogh smites you!
You die...

### ##.........###...## ###.##
##.......#.#..#...##
##....###........#.........#
##....##.#...................
##.#..............[#..........
#...............)..........#..
##.##.#........[..........##..
###.........)[[.[............
##.......o@<[.............#
##.#.....[[[).#............
#.............##...........
#####.........................
##.#...............#...........
###.........)>...................
#.##...................##......#.
......#.......................###
#.##...#.......)................#


You could see Saint Roka (extremely poisoned).

Vanquished Creatures
  2 bone dragons (Abyss:1)
  Kirke (D:12)
  A frost giant (IceCv)
  An angel (Abyss:1)
  The ghost of Ozzies the Fighter, a journeyman GrFi of Okawaru (D:11)
  Fannar (D:9)
  3 catoblepae (Lair:6)
  3 hydras
  8 death yaks (Lair:6)
  5 two-headed ogres
  A tengu warrior (D:9)
  A thrashing horror (Abyss:1)
  The ghost of Lunath the Gouger, a journeyman FeBe of Trog (Lair:5)
  Sonja (Orc:1)
  Urug (D:11)
  A skeletal warrior (D:9)
  2 starcursed masses (Abyss:1)
  An orc knight (D:9)
  A cyclops (D:12)
  2 manticores (Lair:6)
  2 ugly things
  4 orc sorcerers
  10 elephants
  A shock serpent zombie (Abyss:1)
  4 oklob plants
  2 ice statues (IceCv)
  A black mamba (Lair:2)
  A gargoyle (D:11)
  A smoke demon (Abyss:1)
  3 komodo dragons
  6 large abominations (Abyss:1)
  9 cane toads
  A kobold demonologist (D:9)
  3 ancient zymes (Abyss:1)
  3 rime drakes
  A demonic crawler (Abyss:1)
  An efreet (D:9)
  4 jumping spiders (Lair:3)
  4 trolls
  17 polar bears
  4 blink frogs (Lair:4)
  5 dream sheep (Lair:4)
  8 hippogriffs
  4 raiju (Abyss:1)
  A ynoxinul (Abyss:1)
  A shadow (D:12)
  3 redbacks (Lair:3)
  2 wyverns
  32 yaks
  A fire elemental (Abyss:1)
  Eustachio (D:6)
  2 steam dragons (D:10)
  A hog (D:12)
  A basilisk (Lair:1)
  2 chaos spawn (Abyss:1)
  A warg (Orc:1)
  4 water moccasins
  A soldier ant (D:11)
  9 porcupines
  A phantom (D:5)
  21 orc warriors
  4 ice beasts
  5 sky beasts
  8 ogres
  19 wolves
  6 centaurs
  A black bear (Lair:5)
  8 crocodiles
  12 bullfrogs
  2 water moccasin zombies
  A wyvern skeleton (D:5)
  5 scorpions
  17 killer bees
  4 wights (D:11)
  2 centaur zombies
  A crimson imp (D:5)
  4 hounds
  3 quasits
  4 jellies
  13 orc priests
  2 bullfrog zombies
  22 orc wizards
  A centaur skeleton (D:10)
  3 iguanas
  16 worker ants
  A killer bee zombie (D:9)
  A hound skeleton (D:7)
  A hound zombie (D:6)
  A howler monkey zombie (D:8)
  A howler monkey skeleton (D:4)
  A worker ant zombie (D:6)
  7 gnolls
  11 adders
  2 shadow imps
  2 white imps
  5 ufetubi
  An ooze (D:4)
  2 adder skeletons
  An adder zombie (D:6)
  3 worms
  A dart slug (D:1)
  4 leopard geckos
  75 orcs
  7 giant cockroaches
  7 goblins
  3 hobgoblins
  13 jackals
  8 quokkas
  A ball python (D:3)
  6 bats
  6 frilled lizards
  9 kobolds
  A leopard gecko skeleton (D:4)
  3 leopard gecko zombies
  8 rats
  A butterfly (Lair:4)
577 creatures vanquished.

Vanquished Creatures (others)
  2 humans (D:12)
  A steam dragon (D:12)
  An iguana (D:12)
  A worker ant (D:12)
  An adder (D:12)
  5 orcs
  23 fungi
  15 plants
  14 starspawn tentacles (Abyss:1)
63 creatures vanquished.

Grand Total: 640 creatures vanquished

Notes
Turn   | Place    | Note
-------+----------+-------------------------------------------
     0 | D:1      | Ozzies the Gargoyle Fighter began the quest for the Orb.
     0 | D:1      | Reached XP level 1. HP: 14/14 MP: 1/1
    72 | D:1      | Reached XP level 2. HP: 12/19 MP: 2/2
   406 | D:1      | Reached skill level 4 in Fighting
   434 | D:1      | Reached XP level 3. HP: 4/24 MP: 3/3
  1748 | D:3      | Reached skill level 5 in Fighting
  1748 | D:3      | Reached XP level 4. HP: 30/31 MP: 4/4
  2998 | D:4      | Reached XP level 5. HP: 36/36 MP: 5/5
  3047 | D:4      | Reached skill level 6 in Fighting
  3131 | D:4      | Found a glowing silver altar of Zin.
  3132 | D:4      | Found a stormy altar of Qazlal.
  3607 | D:4      | Reached XP level 6. HP: 42/42 MP: 6/6
  3639 | D:4      | Reached skill level 7 in Fighting
  3774 | D:5      | Entered Level 5 of the Dungeon
  3774 | D:5      | Found Okamixkokaips's Weapon Shop.
  4142 | D:5      | Noticed a sky beast
  4160 | D:4      | Killed a sky beast
  4217 | D:5      | Found a staircase to the Ecumenical Temple.
  4236 | Temple   | Entered the Ecumenical Temple
  4240 | Temple   | Reached XP level 7. HP: 29/48 MP: 4/7
  4978 | D:5      | Reached skill level 1 in Dodging
  5087 | D:5      | Found an ancient bone altar of Kikubaaqudgha.
  5234 | D:5      | Found a hide-covered altar of Uskayaw.
  5274 | D:5      | Found a snail-covered altar of Cheibriados.
  5285 | D:5      | Found an iron altar of Okawaru.
  5387 | D:5      | Became a worshipper of Warmaster Okawaru
  5454 | D:5      | Found a shimmering altar of Xom.
  5454 | D:5      | Found a burning altar of Makhleb.
  5554 | D:5      | Reached XP level 8. HP: 35/53 MP: 5/8
  5910 | D:6      | Reached skill level 5 in Armour
  6289 | D:6      | Reached skill level 5 in Shields
  6366 | D:6      | Reached skill level 8 in Fighting
  6623 | D:6      | Noticed Eustachio
  6632 | D:6      | Reached skill level 5 in Maces & Flails
  6644 | D:6      | Killed Eustachio
  6644 | D:6      | Reached * piety under Okawaru
  7380 | D:5      | Reached skill level 1 in Invocations
  7408 | D:6      | Got a fading hand axe
  7418 | D:5      | Identified the +3 hand axe of the Protecting Shrike
                  | {vorpal, *Noise rPois rC++ MR+} (You found it on level 6 of
                  | the Dungeon)
  7510 | D:6      | Reached XP level 9. HP: 56/59 MP: 8/10
  8110 | D:7      | Found a white marble altar of Elyvilon.
  8461 | D:8      | Reached ** piety under Okawaru
  8499 | D:8      | Noticed a two-headed ogre
  8517 | D:8      | Killed a two-headed ogre
  8517 | D:8      | Reached *** piety under Okawaru
  8563 | D:8      | Reached XP level 10. HP: 43/65 MP: 10/12
  8579 | D:8      | Reached skill level 9 in Fighting
  9722 | D:9      | Noticed a kobold demonologist
  9732 | D:9      | Noticed a sixfirhy
  9735 | D:9      | Killed a kobold demonologist
  9743 | D:9      | Reached **** piety under Okawaru
  9818 | D:9      | Reached skill level 5 in Dodging
 10224 | D:9      | Noticed a skeletal warrior
 10266 | D:9      | Killed a skeletal warrior
 10266 | D:9      | Reached skill level 10 in Fighting
 10686 | D:9      | Identified the Reference Book on Lightness and Summoning
 10907 | D:9      | Found a radiant altar of Vehumet.
 10909 | D:9      | Found a shimmering blue altar of Sif Muna.
 11001 | D:9      | Identified the Catalogue of Excruciating Dark Rites
 11123 | D:9      | Found a staircase to the Orcish Mines.
 11226 | D:9      | Found a staircase to the Lair.
 11602 | D:9      | Identified the +1 scale mail of Lilacs {rCorr}
 11602 | D:9      | Noticed a tengu warrior
 11640 | D:9      | Killed a tengu warrior
 11640 | D:9      | Reached ***** piety under Okawaru
 11640 | D:9      | Reached XP level 11. HP: 19/73 MP: 4/14
 11994 | D:10     | Entered Level 10 of the Dungeon
 12047 | D:10     | Noticed a two-headed ogre
 12066 | D:10     | Killed a two-headed ogre
 12443 | D:10     | Identified a scroll of acquirement
 12443 | D:10     | Acquired a +2 pair of gloves of archery
 12729 | D:10     | Received a gift from Okawaru
 13004 | D:10     | Got a bloodstained helmet {god gift}
 13009 | D:10     | Identified the +1 helmet "Gamnut" {rPois rC+} (Okawaru
                  | gifted it to you on level 10 of the Dungeon)
 13170 | D:11     | Noticed a two-headed ogre
 13190 | D:11     | Killed a two-headed ogre
 13190 | D:11     | Reached skill level 5 in Invocations
 13334 | D:11     | Noticed a two-headed ogre
 13345 | D:11     | Reached skill level 11 in Fighting
 13350 | D:11     | Killed a two-headed ogre
 13389 | D:11     | HP: 3/74 [orc priest/divine providence (7)]
 13747 | D:11     | Noticed a purple ugly thing
 13767 | D:11     | Killed a purple ugly thing
 14011 | D:11     | Reached XP level 12. HP: 80/80 MP: 16/16
 14321 | D:11     | Found a runed translucent door.
 14322 | D:11     | Noticed Ozzies's ghost (journeyman GrFi)
 14374 | D:11     | Killed Ozzies's ghost
 14374 | D:11     | Reached skill level 10 in Maces & Flails
 14489 | D:11     | Noticed Urug
 14504 | D:11     | Killed Urug
 14670 | D:12     | Noticed Kirke
 14694 | D:12     | Noticed a sphinx
 14704 | D:12     | Killed Kirke
 14704 | D:12     | Reached skill level 12 in Fighting
 14770 | D:12     | Noticed a seven-headed hydra
 14781 | D:12     | Killed a seven-headed hydra
 14781 | D:12     | Received a gift from Okawaru
 15692 | Lair:1   | Entered Level 1 of the Lair of Beasts
 15812 | Lair:1   | Received a gift from Okawaru
 16651 | Lair:2   | Noticed a six-headed hydra
 16666 | Lair:2   | Killed a six-headed hydra
 16689 | Lair:2   | Reached XP level 13. HP: 43/87 MP: 18/18
 16722 | Lair:2   | Found a staircase to the Swamp.
 16781 | Lair:2   | Found a frozen archway.
 16785 | IceCv    | Entered an ice cave
 16792 | IceCv    | Reached skill level 13 in Fighting
 17433 | IceCv    | Noticed a frost giant
 17463 | IceCv    | Killed a frost giant
 17463 | IceCv    | Received a gift from Okawaru
 17469 | IceCv    | Reached skill level 10 in Armour
 17593 | IceCv    | Found the +8 glaive of the Guard {elec, +Rage AC+5 SInv}
 18284 | Lair:2   | Reached skill level 10 in Shields
 18333 | Lair:2   | HP: 1/88 [acid (13)]
 18919 | Lair:2   | Got a glimmering broad axe
 18919 | Lair:2   | Identified the +8 broad axe of Experimentation {venom,
                  | rElec Int+4} (You found it on level 2 of the Lair of
                  | Beasts)
 19100 | Lair:3   | Got a translucent granite ring
 19105 | Lair:3   | Identified the ring of the Enemy {*Tele rN++ MR+} (You
                  | found it on level 3 of the Lair of Beasts)
 19550 | Lair:3   | Found a hole to the Spider Nest.
 19666 | Lair:3   | Reached skill level 14 in Fighting
 19913 | Lair:4   | Gained mutation: Your large and strong wings let you fly
                  | indefinitely. [Gargoyle growth]
 19913 | Lair:4   | Reached XP level 14. HP: 60/96 MP: 19/19
 20359 | Lair:4   | Received a gift from Okawaru
 20432 | Lair:4   | Found the ring of the Octopus King
 20439 | Lair:4   | Got a ring of the Octopus King
 20731 | Lair:4   | Identified a ring of the Octopus King {rC+ AC+1 EV+1 Str+1
                  | Int+1 Dex+1} (You found it on level 4 of the Lair of
                  | Beasts)
 21030 | Lair:5   | Found a staircase to the Slime Pits.
 21031 | Lair:5   | Found a viscous altar of Jiyva.
 21139 | Lair:5   | Found a runed translucent door.
 21139 | Lair:5   | Noticed Lunath's ghost (journeyman FeBe)
 21553 | Lair:5   | Killed Lunath's ghost
 21663 | Lair:6   | Entered Level 6 of the Lair of Beasts
 22273 | Lair:6   | Received a gift from Okawaru
 22531 | Lair:6   | Reached skill level 15 in Fighting
 22968 | Orc:1    | Entered Level 1 of the Orcish Mines
 22970 | Orc:1    | Noticed Fannar
 23102 | D:9      | Killed Fannar
 23446 | Orc:2    | Entered Level 2 of the Orcish Mines
 23446 | Orc:2    | Noticed Sonja
 23452 | Orc:2    | Reached ****** piety under Okawaru
 23469 | Orc:1    | HP: 4/98 [Sonja/+2 dagger of distortion (18)]
 23470 | Orc:1    | Cast into level 1 of the Abyss (Sonja)
 23622 | Abyss:1  | Reached skill level 1 in Axes
 23622 | Abyss:1  | Reached XP level 15. HP: 70/103 MP: 15/21
 23655 | Abyss:1  | Noticed a Hell Sentinel
 23752 | Abyss:1  | Noticed a tentacled starspawn
 23826 | Abyss:1  | Noticed a tentacled starspawn
 23844 | Abyss:1  | Found a corrupted altar of Lugonu.
 23865 | Abyss:1  | Noticed a bone dragon
 23896 | Abyss:1  | Killed a bone dragon
 23933 | Abyss:1  | Noticed an angel
 23953 | Abyss:1  | Killed an angel
 24057 | Abyss:1  | Noticed a bone dragon
 24093 | Abyss:1  | Killed a bone dragon
 24093 | Abyss:1  | Received a gift from Okawaru
 24103 | Orc:1    | Escaped the Abyss
 24115 | Orc:1    | Killed Sonja
 24232 | Orc:2    | Found a staircase to the Elven Halls.
 24234 | Orc:2    | Noticed Saint Roka
 24331 | Orc:1    | Killed from afar by Saint Roka

Illustrated notes

Levels and vault maps discovered:
D:1:      psy_arrival_radial02, layout_basic, chequers_jeans
D:2:      layout_loops_ring
D:3:      layout_basic, chequers_arboretum
D:4:      minmay_chambers_of_fours, layout_rooms,
          gammafunk_temple_overflow_pools
D:5:      layout_basic, grunt_temple_overflow_champion_of_chaos, minitemple,
          lemuel_doored_altar, nicolae_overflow_hidden_temple,
          minmay_temple_entry_tees, serial_shops, nicolae_shop_window_shopping
D:6:      layout_cave_pools, kennysheep_generic_room_14, uniq_eustachio
D:7:      layout_basic, elyvilon_altar_1
D:8:      layout_rooms
D:9:      minmay_the_grid_octo_2x2 [minmay_the_grid_octo_teeth,
          minmay_the_grid_octo_77, minmay_the_grid_octo_chip,
          minmay_the_grid_octo_prize_star], layout_grid_maze,
          chequers_temple_overflow_statue_of_worship, lair_entry_dummy,
          david_orc_3, small_statue_intersection
D:10:     kennysheep_steamy, layout_small_grid
D:11:     layout_cave_pods, special_room [special_room_orc],
          gammafunk_ghost_grave, uniq_urug
D:12:     cheibrodos_helix_gallery, layout_gridville, uniq_kirke
Temple:   hc_temple_tempest_star
Lair:1:   layout_layer_cave
Lair:2:   layout_long_grid, swamp_mist_pool, portal_ice_cave_entry_pillars_1,
          minmay_lair_oklob_chamber, lemuel_fruit_fields
Lair:3:   layout_chaotic_city, nicolae_spider_entry_tight_spaces, serial_rivers,
          chequers_serial_rivers_small_a, chequers_serial_rivers_small_b,
          chequers_serial_rivers_small_b, chequers_serial_rivers_micro_d,
          chequers_serial_rivers_micro_b, lemuel_fruit_tree
Lair:4:   wander_river, layout_concentric_octagons, lemuel_fruit_fields,
          infiniplex_staircase_pool_2
Lair:5:   layout_hall_layers, slime_altar_1, hellmonk_ghost_happy_afterlife
Lair:6:   evilmike_catoblepas_cave, layout_gridlike,
          chequers_serial_rivers_small_3
Orc:1:    layout_caves, serial_shops, shop, uniq_nergalle, uniq_fannar
Orc:2:    st_orc_ogre_mass, layout_diamond_mine, serial_shops,
          nicolae_shop_window_shopping, shop, uniq_saint_roka, uniq_sonja

Skill      XL: |  1  2  3  4  5  6  7  8  9 10 11 12 13 14 15 |
---------------+----------------------------------------------+-----
Fighting       | 4 5 6 7 8 10 11 12 14 15 | 15.6
Maces & Flails | 3 4 5 6 8 9 11 12 13 | 13.2
Armour         | 4 5 6 7 8 9 10 11 12 | 12.0
Shields        | 4 5 6 7 8 9 10 11 | 11.5
Dodging        | 1 3 4 5 |  5.7
Invocations    | 1 3 4 5 7 9 |  9.0
Axes           | 1 3 |  3.3

Action                   |  1- 3 |  4- 6 |  7- 9 | 10-12 | 13-15 || total
-------------------------+-------+-------+-------+-------+-------++-------
Melee: Flail             |   124 |   189 |    55 |       |       ||   368
       Spear             |       |       |   264 |       |       ||   264
       Hand axe          |       |       |   175 |   788 |       ||   963
       Eveningstar       |       |       |       |   175 |   712 ||   887
       Mace              |       |       |       |    73 |       ||    73
       Broad axe         |       |       |       |       |   312 ||   312
Invok: Heroism           |       |       |     1 |    14 |    12 ||    27
       Finesse           |       |       |       |     2 |     7 ||     9
  Use: Potion            |       |       |       |     2 |     7 ||     9
       Scroll            |       |       |       |    27 |     8 ||    35
Armor: Scale mail        |   100 |   124 |   285 |   158 |       ||   667
       Ring mail         |       |       |       |   203 |       ||   203
       Skin              |       |       |       |     2 |       ||     2
       Plate armour      |       |       |       |   254 |   591 ||   845
       Crystal plate arm |       |       |       |       |   386 ||   386
Dodge: Dodged            |    59 |    70 |   189 |   447 |   397 ||  1162
Block: Kite shield       |    90 |   119 |   240 |   658 |   888 ||  1995

Table legend: (Time is in decaauts)
 A = Elapsed time spent in this place.
 B = Non-inter-level travel time spent in this place.
 C = Inter-level travel time spent in this place.
 D = Time resting spent in this place.
 E = Time spent auto-exploring this place.
 F = Levels seen in this place.
 G = Mean time per level.
                   A        B        C        D        E       F      G
               +--------+--------+--------+--------+--------+-----+--------+
         Total |  24471 |  23311 |   1160 |   1889 |  15821 |  23 | 1064.0 |
       Dungeon |  15747 |  15033 |    714 |   1686 |  10020 |  12 | 1312.2 |
        Temple |    457 |    443 |     14 |      0 |    414 |   1 |  457.0 |
          Lair |   6215 |   5790 |    425 |    105 |   4575 |   6 | 1035.8 |
  Orcish Mines |    483 |    477 |      6 |     43 |    231 |   2 |  241.5 |
         Abyss |    603 |    603 |      0 |     55 |    104 |   1 |  603.0 |
      Ice Cave |    964 |    964 |      0 |      0 |    477 |   1 |  964.0 |
               +--------+--------+--------+--------+--------+-----+--------+

Top non-repeatable levels by time:
     D:9: 2311 daAuts
     D:5: 1840 daAuts
     D:8: 1648 daAuts
    D:11: 1594 daAuts
  Lair:2: 1425 daAuts
     D:6: 1383 daAuts
     D:3: 1338 daAuts
     D:4: 1192 daAuts
  Lair:6: 1130 daAuts
     D:1: 1068 daAuts
    D:10: 1059 daAuts
  Lair:4: 1011 daAuts
    D:12: 993 daAuts
   IceCv: 964 daAuts
  Lair:1: 958 daAuts
